AoeStats
← 稳中带皮皮中带稳反手一个还就那个翻皮水的翻

Arena

510134035Analyzed
3v3 RM · 4d ago on Sep 29, 2026· 29m 46s· 6 players
Game mode
Random Map
Map size
Normal (6 player)
Population
200
Speed
Normal
Resources
Standard
Victory
Conquest
Starting age
Dark Age
Ending age
Imperial Age
RankedLock teamsTeams togetherTeam positionsShared explorationLock speedFull tech treeHidden civsTurbo modeCheats
Victory
Defeat
🇨🇳 Teutons · China
1671
+11
🇬🇧 Britons · United Kingdom
1397
+21
🇫🇷 Britons · France
1611
-20
🇩🇪 Gurjaras · Germany
1540
-17
🇫🇷 Italians · France
1474
-14
ccereal
8:36 Feudal Age
7:28 Loom
9:18 Double-Bit Axe
10:24 Town Watch
11:20 Fletching
17:00 Wheelbarrow
20:21 Castle Age
19:13 Padded Archer Armor
19:41 Horse Collar
19:52 Gold Mining
20:28 Crossbowman
21:08 Bodkin Arrow
23:25 Double-Bit Axe
27:47 Bow Saw
tony le gros rou
10:02 Feudal Age
14:05 Castle Age
14:28 Fletching
15:35 Bodkin Arrow
23:49 Padded Archer Armor
30:29 Imperial Age
p0n0n0
9:14 Feudal Age
9:07 Loom
13:35 Castle Age
12:11 Double-Bit Axe
Envetel
5:16 Loom
8:27 Feudal Age
9:11 Double-Bit Axe
14:56 Fletching
16:34 Town Watch
19:15 Horse Collar
21:52 Wheelbarrow
26:22 Castle Age
25:52 Padded Archer Armor
26:24 Elite Skirmisher
27:00 Bodkin Arrow
28:07 Leather Archer Armor
28:31 Bow Saw
29:48 Heavy Plow
Manix
9:55 Feudal Age
13:57 Castle Age
11:45 Double-Bit Axe
12:44 Horse Collar
14:02 Loom
14:53 Wheelbarrow
28:03 Imperial Age
25:44 Bow Saw
25:58 Fletching
26:33 Ballistics
27:29 Bodkin Arrow
27:36 Padded Archer Armor
28:16 Stone Mining
28:17 Gold Mining
28:10 Crossbowman
29:58 Chemistry
29:41 Hand Cart
29:11 Town Watch
稳中带皮皮中带稳反手一个还就那个翻皮水的翻
9:08 Feudal Age
9:49 Double-Bit Axe
10:12 Horse Collar
17:31 Gold Mining
20:12 Castle Age
19:15 Scale Barding Armor
20:33 Bloodlines
26:21 Chain Barding Armor
26:54 Heavy Plow
28:57 Bow Saw
28:36 Loom
Connection lost

Rejoining the realm…

Still unreachable

The connection could not be restored.

Session expired

The server has moved on; the page needs a fresh start.